 Dungeon Crawl Stone Soup version 0.26.1-2-gb8aa6d0cf2 (webtiles) character file.

Game seed: 18103090061432441057

24 Raphroland the Firebug (level 2, -1/20 HPs)
             Began as a Draconian Fire Elementalist on Feb 12, 2021.
             Slain by a kobold
             ... wielding a +0 dagger
              (2 damage)
             ... on level 1 of the Dungeon.
             The game lasted 00:19:30 (983 turns).

Raphroland the Firebug (Draconian Fire Elementalist) Turns: 983, Time: 00:19:31

Health: -1/20      AC:  4    Str: 10    XL:     2   Next: 79%
Magic:  5/5        EV: 12    Int: 15    God:
Gold:   38         SH:  0    Dex: 11    Spells: 4/5 levels left

rFire    . . .     SeeInvis .   j - +0 club
rCold    . . .     Faith    .   (no shield)
rNeg     . . .     Spirit   .   (armour unavailable)
rPois    .         Reflect  .   (helmet restricted)
rElec    .         Harm     .   (no cloak)
rCorr    .         Rampage  .   (no gloves)
Will     .....                  (no boots)
Stlth    ++........             (no amulet)
HPRegen  0.06/turn              (no ring)
MPRegen  0.09/turn              (no ring)

@: no status effects
A: unfitting armour, cold-blooded, AC +4
a: no special abilities


You were on level 1 of the Dungeon.
You visited 1 branch of the dungeon, and saw 1 of its levels.

You collected 38 gold pieces.

Inventory:

Hand Weapons
 g - a +0 whip
 j - a +0 club (weapon)
Jewellery
 f - an uncursed ring of protection from fire {unknown}
Scrolls
 a - a scroll of remove curse {unknown}
 c - a scroll of teleportation {unknown}
 d - a scroll of amnesia {unknown}
 i - a scroll of identify {unknown}
Potions
 b - a potion of magic {unknown}
 e - 2 potions of degeneration {unknown}
 h - a potion of attraction {unknown}


   Skills:
 + Level 2.2 Dodging
 + Level 2.0 Stealth
 + Level 0.3 Unarmed Combat
 + Level 2.2 Spellcasting
 + Level 1.0 Conjurations
 + Level 3.3 Fire Magic


You had 4 spell levels left.
You knew the following spells:

 Your Spells              Type           Power        Failure   Level
a - Foxfire               Conj/Fire      32%          9%          1

Your spell library contained the following spells:

 Spells                   Type           Power        Failure   Level
 Conjure Flame            Conj/Fire      8%           26%         3
 Inner Flame              Hex/Fire       6%           32%         3
 Sticky Flame             Conj/Fire      8%           65%         4
 Fireball                 Conj/Fire      4%           94%         5


Dungeon Overview and Level Annotations

Branches:
Dungeon (1/15)

Altars:


Innate Abilities, Weirdness & Mutations

Your plain brown scales are hard. (AC +4)
You cannot fit into any form of body armour.
You are cold-blooded and may be slowed by cold attacks.


Message History

The hobgoblin is moderately wounded.
The kobold hits you but does no damage. The hobgoblin barely misses you.
The kobold barely misses you.
You hit the hobgoblin but do no damage.
The hobgoblin is moderately wounded.
The hobgoblin hits you.
* * * LOW HITPOINT WARNING * * *
The kobold misses you.
You closely miss the hobgoblin.
The hobgoblin is moderately wounded.
The hobgoblin hits you.
* * * LOW HITPOINT WARNING * * *
The kobold hits you with a +0 dagger.
* * * LOW HITPOINT WARNING * * *
You hit the hobgoblin but do no damage.
You tail-slap the hobgoblin, but do no damage.
The hobgoblin is moderately wounded.
The hobgoblin misses you. The kobold hits you but does no damage.
The hobgoblin barely misses you. The kobold hits you with a +0 dagger.
You die...

####### ######
##.....##......
##..............
#...............
#.....[.........
#$.............(
#.....†)K....... ##
#......g@.......
.########...............
.........#..............
########........##......
# ####..#### #####^
######## #..# ........
...... .################
##.####.##..###.##


You could see a hobgoblin and a kobold.

Vanquished Creatures
  A dart slug (D:1)
  A giant cockroach (D:1)
  8 goblins (D:1)
  2 hobgoblins (D:1)
  3 bats (D:1)
  A frilled lizard (D:1)
  2 kobolds (D:1)
  3 rats (D:1)
21 creatures vanquished.

Vanquished Creatures (others)
  9 foxfires (D:1)
9 creatures vanquished.

Grand Total: 30 creatures vanquished

Notes
Turn   | Place    | Note
-------+----------+-------------------------------------------
     0 | D:1      | Raphroland the Draconian Fire Elementalist began the quest
                  | for the Orb.
     0 | D:1      | Reached XP level 1. HP: 14/14 MP: 3/3
   437 | D:1      | Reached XP level 2. HP: 12/20 MP: 5/5
   982 | D:1      | HP: 1/20 [kobold/+0 dagger (2)]
   983 | D:1      | Slain by a kobold

Illustrated notes

Levels and vault maps discovered:
D:1:      dpeg_arrival_arbitrary_a, layout_rooms

Skill      XL: |  1  2 |
---------------+-------+-----
Dodging        | 2 |  2.2
Stealth        | 2 |  2.0
Unarmed Combat | |  0.3
Spellcasting   | |  2.2
Conjurations   | |  1.0
Fire Magic     | |  3.3

Action                   || total
-------------------------++-------
Melee: Unarmed           ||    30
       Dagger            ||    21
       Tailslap          ||    10
       Club              ||    21
       Whip              ||    16
 Cast: Foxfire           ||     5
 Stab: Sleeping          ||     1
Armor: Skin              ||    30
Dodge: Dodged            ||    84
